 Dungeon Crawl Stone Soup version 0.22.1-1-ga44c0e56f4 (webtiles) character file.

3047 BorisKarlOrff the Basher (level 9, -5/56 HPs)
             Began as a Gargoyle Berserker on Oct 18, 2018.
             Was an Elder of Trog.
             Slain by a two-headed ogre
             ... wielding a +0 giant club
              (17 damage)
             ... on level 8 of the Dungeon.
             The game lasted 00:24:27 (6613 turns).

BorisKarlOrff the Basher (Gargoyle Berserker)       Turns: 6613, Time: 00:24:27

Health: -5/56      AC: 15    Str: 23    XL:     9   Next: 87%
Magic:  9/9        EV: 12    Int:  9    God:    Trog [****..]
Gold:   372        SH:  0    Dex: 11    Spells: 8/8 levels left

rFire    + + .     SeeInvis .   a - +4 mace
rCold    . . .     Gourm    .   (no shield)
rNeg     + . .     Faith    .   p - +0 scale mail {rF+}
rPois    ∞         Spirit   .   (no helmet)
rElec    +         Reflect  .   s - +0 cloak
rCorr    .         Harm     .   (no gloves)
MR       .....                  (no boots)
Stlth    ..........             (no amulet)
HPRegen  0.18/turn              n - +2 ring of dexterity
MPRegen  0.11/turn              r - ring of protection from fire

@: no status effects
A: negative energy resistance 1, electricity resistance, unbreathing,
petrification resistance, rot immunity, AC +6
a: Berserk, Trog's Hand, Brothers in Arms, Renounce Religion


You were on level 8 of the Dungeon.
You worshipped Trog.
Trog was greatly pleased with you.
You were full.

You visited 1 branch of the dungeon, and saw 8 of its levels.

You collected 372 gold pieces.

Inventory:

Hand Weapons
 a - a +4 mace (weapon)
Armour
 p - a +0 scale mail of fire resistance (worn)
 s - a +0 cloak (worn)
Jewellery
 m - an uncursed ring of stealth {unknown}
 n - a +2 ring of dexterity (left hand)
 r - a ring of protection from fire (right hand)
Scrolls
 c - a scroll of fear
 g - 2 scrolls of teleportation
 k - 4 scrolls of remove curse
 v - 2 scrolls of identify
 w - a scroll of enchant weapon
 x - a scroll of random uselessness {unknown}
Potions
 b - a potion of invisibility
 d - a potion of ambrosia
 e - a potion of haste {unknown}
 f - 3 potions of berserk rage {unknown}
 h - a potion of agility {unknown}
 i - 2 potions of magic {unknown}
 l - a potion of degeneration {unknown}
 o - 3 potions of flight
 q - 2 potions of might {unknown}
 u - a potion of resistance {unknown}
Comestibles
 j - 2 rations


   Skills:
 + Level 6.5 Fighting
   Level 1.3(5.1) Axes
 + Level 8.7(8.8) Maces & Flails
 + Level 7.8 Armour
 + Level 5.0 Dodging
 + Level 1.6 Stealth


You had 8 spell levels left.
You didn't know any spells.
Your spell library was empty.

Dungeon Overview and Level Annotations

Branches:
Dungeon (8/15)             Temple (0/1) D:7
   Lair: D:8-11

Altars:
Cheibriados
Fedhas
Gozag
Hepliaklqana
Qazlal
Vehumet
Xom

Portals:
Ossuary: D:8


Innate Abilities, Weirdness & Mutations

You are resistant to torment.
Your stone body is resilient. (AC +6)
You are immune to poison.
You resist negative energy. (rN+)
You are resistant to electric shocks. (rElec)
You can survive without breathing.
You are immune to petrification.
You are immune to rotting.


Message History

The scorpion stings you but does no damage.
A two-headed ogre comes into view.
It is wielding a giant club and a giant The two-headed ogre shouts in stereo!
The shadow imp barely misses you. The yak closely misses you.
The shadow imp shouts, "Fly, thou obnoxious saucy giglet!"
The two-headed ogre hits you with a giant club!
* * * LOW HITPOINT WARNING * * *
The two-headed ogre hits you with a giant spiked club!
* * * LOW HITPOINT WARNING * * *
The orc wizard mumbles some strange words.
The orc wizard seems to speed up.
Found a war axe and 9 gold pieces.
Okay, then.
Okay, then.
Wield which item (- for none, * to show all)? (? for menu, Esc to quit)
Okay, then.
You feel better.
The shadow imp hits you but does no damage.
The two-headed ogre hits you with a giant club!
You die...

...#...# ..##.!.## ...
..##....## ..#
..##..#..## ##..#
......s#..### #..#
.p......#.o.####..# ###
.##.<.....#..##...#...#
.####.........YY..8...##
...#......$.p.s5@.......
##.#.#..##.##..O8.∩.8...
..!..#..##.............)
Y.................8.....
.....#....##............
..........$.............
.........###............
........ ##...........
.....


You could see a two-headed ogre, 2 yaks, a human, a scorpion, an orc wizard and
a shadow imp.

Vanquished Creatures
  A hippogriff (D:7)
  2 hogs (D:8)
  2 hungry ghosts (D:7)
  Duvessa (D:5)
  An orc warrior (D:6)
  3 sky beasts
  A necrophage (D:7)
  A centaur (D:5)
  An ogre (D:7)
  2 phantoms
  Blork the orc (D:5)
  A bullfrog (D:7)
  Dowan (D:5)
  A water moccasin zombie (D:7)
  A water moccasin skeleton (D:7)
  4 killer bees (D:7)
  An electric eel (D:6)
  4 crimson imps
  2 hounds
  3 orc priests
  8 orc wizards
  A bullfrog skeleton (D:8)
  Natasha (thrice) (D:3)
  A worker ant (D:6)
  2 hound zombies
  A hound skeleton (D:8)
  3 gnolls (D:7)
  9 adders
  2 shadow imps
  A dart slug (D:3)
  3 leopard geckos
  14 orcs
  8 giant cockroaches
  9 goblins
  5 hobgoblins
  18 jackals
  7 kobolds
  6 quokkas
  2 ball pythons
  11 bats
  4 frilled lizards
  A jackal skeleton (D:6)
  A leopard gecko skeleton (D:4)
  A leopard gecko zombie (D:5)
  A quokka skeleton (D:4)
  8 rats
164 creatures vanquished.

Notes
Turn   | Place    | Note
-------+----------+-------------------------------------------
     0 | D:1      | BorisKarlOrff the Gargoyle Berserker began the quest for
                  | the Orb.
     0 | D:1      | Reached XP level 1. HP: 14/14 MP: 1/1
   167 | D:1      | Reached XP level 2. HP: 14/19 MP: 2/2
   462 | D:1      | Reached ** piety under Trog
  1039 | D:1      | Reached XP level 3. HP: 19/23 MP: 3/3
  1242 | D:2      | Found a radiant altar of Vehumet.
  1535 | D:2      | Reached skill level 1 in Axes
  1738 | D:2      | Reached XP level 4. HP: 28/29 MP: 4/4
  1873 | D:3      | Found a stormy altar of Qazlal.
  2075 | D:3      | Noticed Natasha
  2083 | D:3      | Killed Natasha
  2266 | D:3      | Noticed Natasha
  2277 | D:3      | Killed Natasha
  2277 | D:3      | Reached XP level 5. HP: 33/33 MP: 5/5
  2329 | D:3      | Noticed Natasha
  2345 | D:3      | Killed Natasha
  2420 | D:3      | Reached XP level 6. HP: 22/38 MP: 6/6
  2462 | D:3      | Reached skill level 4 in Maces & Flails
  2939 | D:4      | Reached *** piety under Trog
  3376 | D:4      | Noticed a phantom
  3501 | D:5      | Entered Level 5 of the Dungeon
  3599 | D:5      | Reached XP level 7. HP: 11/44 MP: 7/7
  3694 | D:5      | Found an opulent altar of Gozag.
  3749 | D:5      | Found a shimmering altar of Xom.
  3788 | D:5      | Found a snail-covered altar of Cheibriados.
  3788 | D:5      | Noticed Blork the orc
  3792 | D:5      | Killed Blork the orc
  3792 | D:5      | Reached skill level 5 in Maces & Flails
  3918 | D:5      | Noticed Duvessa
  3918 | D:5      | Noticed Dowan
  4277 | D:6      | Reached skill level 5 in Fighting
  4380 | D:5      | Killed Duvessa
  4380 | D:5      | Reached skill level 5 in Armour
  4380 | D:5      | Reached XP level 8. HP: 49/49 MP: 8/8
  4676 | D:5      | Killed Dowan
  4833 | D:6      | Reached skill level 6 in Maces & Flails
  4861 | D:6      | Reached **** piety under Trog
  5715 | D:7      | Found a hazy altar of Hepliaklqana.
  5758 | D:7      | Reached skill level 7 in Maces & Flails
  5758 | D:7      | Reached skill level 1 in Stealth
  5758 | D:7      | Reached XP level 9. HP: 52/55 MP: 9/9
  6108 | D:7      | Found a blossoming altar of Fedhas.
  6208 | D:7      | Reached skill level 8 in Maces & Flails
  6330 | D:7      | Found a staircase to the Ecumenical Temple.
  6485 | D:7      | Reached skill level 5 in Dodging
  6604 | D:8      | Found a sand-covered staircase.
  6608 | D:8      | Noticed a two-headed ogre
  6612 | D:8      | HP: 1/56 [two-headed ogre/giant club (7)]
  6613 | D:8      | Slain by a two-headed ogre

Skill      XL: |  1  2  3  4  5  6  7  8  9 |
---------------+----------------------------+-----
Dodging        | 2 3 4 5 |  5.0
Axes           | 1 |  1.3
Fighting       | 4 5 6 |  6.5
Armour         | 3 4 5 6 7 |  7.8
Maces & Flails | 4 5 7 8 |  8.7
Stealth        | 1 |  1.6

Action                   |  1- 3 |  4- 6 |  7- 9 || total
-------------------------+-------+-------+-------++-------
Melee: Hand axe          |   183 |    19 |       ||   202
       Mace              |     4 |   186 |   360 ||   550
Invok: Berserk           |       |     1 |     3 ||     4
  Use: Scroll            |     8 |     2 |     6 ||    16
       Potion            |       |     4 |     3 ||     7
  Eat: Ration            |     2 |     1 |    10 ||    13
Armor: Animal skin       |    38 |       |       ||    38
       Ring mail         |    66 |    62 |       ||   128
       Scale mail        |       |    48 |   250 ||   298
Dodge: Dodged            |   154 |   163 |   271 ||   588
